 Dungeon Crawl Stone Soup version 0.30-a0-672-gc3a7216ad8 (webtiles) character file.

Game seed: 11417847728928927188

7291 wormed the Summoner (level 10, -12/74 HPs)
             Began as a Demonspawn Summoner on Jan 18, 2023.
             Was a Believer of Vehumet.
             Shot with an arrow by a centaur warrior (21 damage)
             ... on level 9 of the Dungeon.
             The game lasted 00:22:28 (10212 turns).

wormed the Summoner (Demonspawn Summoner)          Turns: 10212, Time: 00:22:29

Health: -12/74     AC:  1    Str:  9    XL:     10   Next: 89%
Magic:  13/22      EV: 14    Int: 20    God:    Vehumet [**....]
Gold:   443        SH:  0    Dex: 14    Spells: 14/25 levels left

rFire   . . .      SeeInvis .    (no weapon)
rCold   . . .      Faith    .    (no shield)
rNeg    . . .      Spirit   .    l - +0 steam dragon scales
rPois   .          Reflect  .    (no helmet)
rElec   .          Harm     .    (no cloak)
rCorr   .          Rampage  .    (no gloves)
Will    ++...                    (boots unavailable)
Stlth   ++                       p - amulet of magic regeneration
HPRegen 0.32/turn                n - ring of willpower
MPRegen 0.58/turn                o - ring of willpower

@: corroded
A: hooves 3, demonic magic 2
a: Renounce Religion


You were on level 9 of the Dungeon.
You worshipped Vehumet.
Vehumet was pleased with you.
You visited 2 branches of the dungeon, and saw 10 of its levels.

You collected 443 gold pieces.

Inventory:

Armour
 l - +0 steam dragon scales (worn)
Jewellery
 n - a ring of willpower (left hand)
 o - a ring of willpower (right hand)
 p - an amulet of magic regeneration (around neck)
 q - a ring of wizardry
 u - a ring of wizardry
 z - a ring of magical power
Wands
 j - a wand of paralysis (15) (quivered)
 s - a wand of mindburst (12)
 w - a wand of acid (12)
Scrolls
 a - a scroll of brand weapon
 c - 5 scrolls of vulnerability
 i - 3 scrolls of enchant armour
 m - a scroll of magic mapping
 r - a scroll of teleportation
 x - 2 scrolls of fog
Potions
 b - a potion of magic
 d - a potion of haste
 e - 6 potions of might
 f - 2 potions of flight
 g - 2 potions of brilliance
 h - 6 potions of curing
 k - 4 potions of mutation
 t - a potion of heal wounds {unknown}
 v - 4 potions of lignification {unknown}


   Skills:
 + Level 5.1 Fighting
 + Level 5.2 Dodging
 - Level 1.7 Stealth
 - Level 8.0 Spellcasting
 - Level 3.5 Hexes
 - Level 10.0 Summonings
 - Level 7.0 Air Magic


You had 14 spell levels left.
You knew the following spells:

 Your Spells              Type           Power      Damage    Failure   Level
a - Summon Small Mammal   Summ           100%       N/A       1%          1
b - Call Canine Familiar  Summ           48%        N/A       1%          3
c - Summon Guardian Gole  Hex/Summ       35%        N/A       1%          3
d - Summon Lightning Spi  Summ/Air       42%        N/A       2%          4

Your spell library contained the following spells:

 Spells                   Type           Power      Damage    Failure   Level
 Sandblast                Erth           16%        2d6       9%          1
 Call Imp                 Summ           48%        N/A       1%          2
 Cigotuvi's Dreadful Rot  Necr/Pois/Air  34%        N/A       4%          2
 Apportation              Tloc           16%        N/A       9%          1
 Necrotise                Necr           32%        1d5       9%          1
 Lesser Beckoning         Tloc           16%        N/A       13%         2
 Sublimation of Blood     Necr           8%         N/A       13%         2
 Wereblood                Tmut           8%         N/A       13%         2
 Gell's Gravitas          Tloc           8%         N/A       26%         3
 Teleport Other           Tloc           8%         N/A       26%         3
 Vampiric Draining        Necr           8%         2d6       26%         3
 Dispel Undead            Necr           8%         3d8       63%         4
 Summon Hydra             Summ           24%        N/A       75%         7
 Agony                    Necr           8%         N/A       93%         5
 Alistair's Intoxication  Tmut/Pois      5%         N/A       93%         5
 Death Channel            Necr           4%         N/A       100%        6


Dungeon Overview and Level Annotations

Branches:
Dungeon (9/15)             Temple (1/1) D:7            Lair (0/5) D:9
    Orc: D:9-12

Altars:
Ashenzari
Cheibriados
Fedhas
Gozag
Kikubaaqudgha
Makhleb
Nemelex Xobeh
Okawaru
Qazlal
Ru
Sif Muna
Trog
Uskayaw
Vehumet
Wu Jian
Xom

Shops:
D:2 ?

Annotations:
D:7 2 transporters, TheSexyCheese's ghost, novice MiFi


Innate Abilities, Weirdness & Mutations

You have hooves in place of feet.
Spells you cast may paralyse nearby enemies.


Message History

The manticore flicks its tail.
The volley of spikes hits your guardian golem!
The skeletal warrior hits your wolf with a +0 broad axe!!
Your wolf dies!
Your wolf's corpse disappears in a puff of smoke!
The barbs in your skin will harm you if you move.
Continue?
Okay, then.
The manticore flicks its tail.
The volley of spikes hits your guardian golem but does no damage.
Your guardian golem overheats!
Flame seeps out of your guardian golem.
Your guardian golem is engulfed in blazing flames.
Flame seeps out of your guardian golem. x2
The manticore flicks its tail.
The volley of spikes hits your guardian golem!
Flame seeps out of your guardian golem.
You carefully extract the barbed spikes from your body.
The manticore flicks its tail.
The volley of spikes hits your guardian golem!
Your guardian golem disappears in a puff of smoke!
Your guardian golem explodes!
The fiery explosion engulfs the skeletal warrior!!
Casting: Summon Guardian Golem (safe; 1% risk of failure)
Confirm with . or Enter, or press ? or * to list all spells.
A guardian golem appears, shielding your allies.
Malevolent energies surge around you.
The centaur warrior unwields a +0 short sword.
The centaur warrior wields a +0 shortbow.
The centaur warrior shoots an arrow.
The arrow hits you!!
The skeletal warrior is engulfed in blazing flames.
The skeletal warrior is destroyed!
Vehumet accepts your kill.
Your Fighting skill increases to level 5!
Your Dodging skill increases to level 5!
The centaur warrior shoots an arrow.
The arrow hits you!
The centaur warrior shoots an arrow.
The arrow completely misses you.
The centaur warrior shoots an arrow.
The arrow hits you!
* * * LOW HITPOINT WARNING * * *
The centaur warrior shoots an arrow.
The arrow hits you!!
You die...

...........# ...........#
#.. ####.......# #..
#..#.......###..# ...
#..#............# ....
#..#............# ....
...'............# .....
...#............###+#....
...#........)...@........
...##....)).........####
....#....)))........#
....#....###.......9#
....#....# #..####§.#
....'....#.####..#○.#
....#....#.......#D☼#######.
....#....##......#CcH.......
+#..#.....+......#.........≈


You could see a centaur warrior (ally target), a manticore, a cyclops, an acid
dragon and a friendly guardian golem (summoned).

Vanquished Creatures
  A slime creature (D:7)
  An orc (D:5)
  2 frilled lizards
  A rat (D:2)
5 creatures vanquished.

Vanquished Creatures (collateral kills)
  A komodo dragon (D:7)
  A hornet (D:8)
  A slime creature (D:7)
  Sigmund (D:4)
  A warg (D:9)
  6 steam dragons
  4 water moccasins
  An orc warrior (D:9)
  An ice beast (D:7)
  A sky beast (D:7)
  A black bear (D:8)
  An ogre (D:4)
  A centaur (D:8)
  A kobold brigand (D:9)
  2 lemures (D:7)
  A bullfrog (D:8)
  A gnoll sergeant (D:9)
  3 scorpions
  4 wights (D:7)
  3 killer bees
  A howler monkey (D:9)
  A nameless horror (D:3)
  An electric eel (D:8)
  7 orc priests
  2 hounds
  5 jellies
  7 orc wizards
  8 gnolls
  4 adders
  2 shadow imps
  3 white imps
  2 dart slugs (D:1)
  18 orcs
  9 ball pythons
  5 bats
  4 endoplasms
  5 giant cockroaches
  4 goblins
  5 hobgoblins
  3 jackals (D:1)
  10 kobolds
  4 quokkas
  2 frilled lizards (D:1)
148 creatures vanquished.

Vanquished Creatures (others)
  A skeletal warrior (D:9)
  Pikel (D:7)
  Maggie (D:7)
  3 slime creatures (D:7)
  Menkaure (D:6)
  A centaur (D:8)
  A lemure (D:7)
  A scorpion (D:5)
  9 wights
  12 killer bees
  An adder (D:5)
  A white imp (D:7)
  34 plants (D:8)
67 creatures vanquished.

Grand Total: 220 creatures vanquished

Notes
Turn   | Place    | Note
-------+----------+-------------------------------------------
     0 | D:1      | wormed the Demonspawn Summoner began the quest for the Orb.
     0 | D:1      | Reached XP level 1. HP: 13/13 MP: 3/3
   135 | D:1      | Gained mutation: Spells you cast may paralyse adjacent
                  | enemies. [demonic ancestry]
   135 | D:1      | Reached XP level 2. HP: 20/20 MP: 1/5
   747 | D:1      | Reached skill level 1 in Fighting
   875 | D:1      | Reached XP level 3. HP: 25/26 MP: 2/6
   879 | D:1      | Learned a level 3 spell: Call Canine Familiar
  1156 | D:2      | Found Meghet's Magic Scroll Shoppe.
  2418 | D:3      | Found a sacrificial altar of Ru.
  2473 | D:3      | Noticed a nameless horror
  2497 | D:3      | Killed a nameless horror
  2837 | D:3      | Found a faded altar of an unknown god.
  2842 | D:3      | Found a bloodstained altar of Trog.
  3343 | D:4      | Reached XP level 4. HP: 24/32 MP: 1/8
  3403 | D:4      | Noticed an ogre
  3415 | D:4      | Killed an ogre
  3416 | D:4      | Reached skill level 5 in Summonings
  3416 | D:4      | Reached XP level 5. HP: 37/37 MP: 1/9
  3420 | D:4      | Learned a level 3 spell: Summon Guardian Golem
  3885 | D:4      | Found a shimmering blue altar of Sif Muna.
  4003 | D:4      | Noticed Sigmund
  4034 | D:4      | Killed Sigmund
  4035 | D:4      | Reached skill level 1 in Hexes
  4035 | D:4      | Reached skill level 6 in Summonings
  4035 | D:4      | Gained mutation: You have large cloven feet. [demonic
                  | ancestry]
  4035 | D:4      | Reached XP level 6. HP: 41/43 MP: 7/11
  4598 | D:4      | Learned a level 4 spell: Summon Lightning Spire
  4602 | D:5      | Entered Level 5 of the Dungeon
  4641 | D:4      | HP: 1/43 [killer bee (8)]
  4666 | D:4      | Gained mutation: You have hoof-like feet. [demonic
                  | ancestry]
  4666 | D:4      | Reached XP level 7. HP: 14/48 MP: 11/13
  4856 | D:5      | Reached skill level 7 in Summonings
  5444 | D:5      | Gained mutation: Spells you cast may paralyse nearby
                  | enemies. [demonic ancestry]
  5444 | D:5      | Reached XP level 8. HP: 42/54 MP: 15/15
  6000 | D:5      | Reached skill level 5 in Spellcasting
  6000 | D:5      | Reached skill level 8 in Summonings
  6000 | D:5      | Reached skill level 1 in Air Magic
  6183 | D:6      | Noticed Menkaure
  6379 | D:6      | Killed Menkaure
  6844 | D:6      | Reached XP level 9. HP: 59/59 MP: 18/18
  6916 | D:6      | Reached skill level 9 in Summonings
  6923 | D:6      | Found an opulent altar of Gozag.
  7073 | D:7      | Found a transporter.
  7074 | D:7      | Noticed a two-headed ogre
  7075 | D:7      | Noticed a moth of wrath
  7078 | D:7      | Found a bloodstained altar of Trog.
  7078 | D:7      | Noticed TheSexyCheese's ghost (novice MiFi)
  7082 | D:7      | Found a transporter.
  7140 | D:7      | Found a staircase to the Ecumenical Temple.
  7164 | Temple   | Entered the Ecumenical Temple
  7359 | Temple   | Became a worshipper of Vehumet
  7624 | D:7      | Noticed a komodo dragon
  7640 | D:7      | Killed a komodo dragon
  7701 | D:7      | Noticed Pikel
  8034 | D:7      | Reached skill level 5 in Air Magic
  8081 | D:7      | Noticed Maggie
  8106 | D:7      | Killed Maggie
  8194 | D:7      | Killed Pikel
  8195 | D:7      | Reached skill level 10 in Summonings
  8195 | D:7      | Gained mutation: You have hooves in place of feet. [demonic
                  | ancestry]
  8195 | D:7      | Reached XP level 10. HP: 65/65 MP: 18/21
  8769 | D:8      | Found a snail-covered altar of Cheibriados.
  8775 | D:8      | Found a stormy altar of Qazlal.
  8802 | D:8      | Paralysed by a hornet for 2 turns
  8957 | D:8      | Reached * piety under Vehumet
  8957 | D:8      | Offered knowledge of Kiss of Death by Vehumet.
  9522 | D:8      | Found an ornate altar of the Wu Jian Council.
 10032 | D:9      | Found a staircase to the Lair.
 10142 | D:9      | Reached ** piety under Vehumet
 10142 | D:9      | Offered knowledge of Sandblast by Vehumet.
 10180 | D:9      | Noticed a skeletal warrior
 10182 | D:9      | Noticed a cyclops
 10184 | D:9      | Noticed a manticore
 10189 | D:9      | Noticed a deep elf pyromancer
 10193 | D:9      | Noticed a centaur warrior
 10209 | D:9      | Killed a skeletal warrior
 10210 | D:9      | Reached skill level 5 in Fighting
 10210 | D:9      | Reached skill level 5 in Dodging
 10212 | D:9      | Shot with an arrow by a centaur warrior

Illustrated notes

Levels and vault maps discovered:
D:1:      dpeg_arrival_boxes_within_box, layout_loops_ring,
          minmay_indecisive_spiral
D:2:      layout_basic, serial_shops, shop
D:3:      layout_loops_corners, nicolae_overflow_ecumenical_swirl,
          nicolae_ru_awakened_eye, grunt_ministairs_12, st_stairs_10
D:4:      layout_loops_corners, nicolae_sif_muna_condensation, uniq_sigmund
D:5:      wander_river, layout_rooms
D:6:      layout_rooms, grunt_gozag_breadcrumbs, minmay_misc_feat_rows,
          uniq_menkaure
D:7:      layout_basic, minmay_temple_entry_grid,
          gammafunk_ghost_wrathful_warriors, serial_bayou_crossing, uniq_maggie,
          uniq_pikel
D:8:      layout_cave_pools, lemuel_tele_altar,
          mainiacjoe_overflow_large_starburst, general_overflow_altar,
          serial_bayou_lagoon_a
D:9:      minmay_curly_fans, layout_irregular_city,
          mainiacjoe_overflow_concentric_impassable, erik_lair_orcish_takeover,
          hangedman_fish_farm
Temple:   grunt_temple_mini_profane

Skill      XL: |  1  2  3  4  5  6  7  8  9 10 |
---------------+-------------------------------+-----
Dodging        | 2 5 |  5.2
Fighting       | 1 5 |  5.1
Spellcasting   | 3 4 6 7 8 |  8.0
Summonings     | 5 6 7 8 10 | 10.0
Hexes          | 1 2 3 |  3.5
Air Magic      | 3 5 7 |  7.0
Stealth        | |  1.7

Action                   |  1- 3 |  4- 6 |  7- 9 | 10-12 || total
-------------------------+-------+-------+-------+-------++-------
Melee: Unarmed           |    37 |     2 |    36 |     5 ||    80
       Punch             |       |       |     1 |       ||     1
       Kick              |       |       |       |     3 ||     3
 Cast: Summon Small Mamm |    53 |     7 |    49 |    14 ||   123
       Call Canine Famil |    11 |    15 |    41 |    13 ||    80
       Summon Guardian G |       |     4 |    33 |    18 ||    55
       Summon Lightning  |       |       |     9 |    19 ||    28
Evoke: Wand              |     4 |       |       |       ||     4
  Use: Scroll            |     8 |     2 |     7 |     1 ||    18
       Potion            |       |     1 |     3 |       ||     4
 Stab: Paralysed         |     8 |       |     9 |       ||    17
       Distracted        |       |       |     1 |       ||     1
Armor: Robe              |    13 |    11 |    15 |     2 ||    41
Dodge: Dodged            |    47 |    31 |    49 |    21 ||   148

Table legend: (Time is in decaauts)
 A = Elapsed time spent in this place.
 B = Non-inter-level travel time spent in this place.
 C = Inter-level travel time spent in this place.
 D = Time resting spent in this place.
 E = Time spent auto-exploring this place.
 F = Levels seen in this place.
 G = Mean time per level.
                   A        B        C        D        E       F      G
               +--------+--------+--------+--------+--------+-----+--------+
         Total |  10252 |   9845 |    407 |      0 |   7436 |  10 | 1025.2 |
       Dungeon |   9905 |   9523 |    382 |      0 |   7147 |   9 | 1100.6 |
        Temple |    347 |    322 |     25 |      0 |    289 |   1 |  347.0 |
               +--------+--------+--------+--------+--------+-----+--------+

Top non-repeatable levels by time:
     D:4: 1626 daAuts
     D:7: 1368 daAuts
     D:5: 1361 daAuts
     D:3: 1325 daAuts
     D:8: 1174 daAuts
     D:2: 1037 daAuts
     D:1: 970 daAuts
     D:6: 732 daAuts
  Temple: 347 daAuts
     D:9: 308 daAuts
